 Dungeon Crawl Stone Soup version 0.28-a0-793-g31680bbd8b (webtiles) character file.

Game seed: 9390276182868476150

23 SolCadguy the Chopper (level 2, -1/25 HPs)
             Began as a Palentonga Fighter on Nov 4, 2021.
             Slain by an adder (2 damage)
             ... on level 2 of the Dungeon.
             The game lasted 00:02:22 (1118 turns).

SolCadguy the Chopper (Palentonga Fighter)          Turns: 1118, Time: 00:02:24

Health: -1/25      AC:  6    Str: 19    XL:     2   Next: 75%
Magic:  2/2        EV:  7    Int:  8    God:
Gold:   38         SH:  4    Dex:  9    Spells: 1/1 levels left

rFire   . . .      SeeInvis +   a - +0 war axe
rCold   . . .      Faith    .   c - +0 buckler
rNeg    . . .      Spirit   .   b - +0 scale mail
rPois   .          Reflect  .   (no helmet)
rElec   .          Harm     .   (no cloak)
rCorr   .          Rampage  .   (no gloves)
Will    .....                   (no barding)
Stlth   ..........              (no amulet)
HPRegen 0.08/turn               (no ring)
MPRegen 0.08/turn               (no ring)

@: no status effects
A: large, rugged brown scales 3, see invisible, deformed body, roll 1, armoured
tail
a: Rolling Charge


You were on level 2 of the Dungeon.
You visited 1 branch of the dungeon, and saw 2 of its levels.

You collected 38 gold pieces.

Inventory:

Hand Weapons
 a - a +0 war axe (weapon)
 f - a +0 mace
Missiles
 e - 51 stones
Armour
 b - a +0 scale mail (worn)
 c - a +0 buckler (worn)
Scrolls
 g - a scroll of noise {unknown}
 h - 3 scrolls of identify {unknown}
Potions
 d - 2 potions of might
 i - 2 potions of degeneration {unknown}
 j - a potion of invisibility {unknown}


   Skills:
 - Level 3.0 Fighting
 + Level 3.3 Axes
 - Level 2.4 Armour
 - Level 2.4 Shields


You had one spell level left.
You didn't know any spells.
Your spell library was empty.

Dungeon Overview and Level Annotations

Branches:
Dungeon (2/15)

Altars:

Shops:
D:1 *


Innate Abilities, Weirdness & Mutations

You are completely covered in rugged brown scales. (AC +3, +7% HP)
You have supernaturally acute eyesight. (SInv)
Armour fits poorly on your strangely shaped body.
You can roll at nearby foes to attack.
You have a long armoured tail.


Message History

You feel sick. The adder bites you but does no damage.
The adder closely misses you.
You barely miss the adder.
Your tail-slap misses the adder.
You feel sick. The adder barely misses you.
You hit the adder but do no damage.
Your tail-slap misses the adder.
You feel sick.
You are no longer poisoned.
The adder bites you but does no damage. The adder bites you.
You are too injured to fight recklessly!
You are too injured to fight recklessly!
You barely miss the adder. The adder bites you.
The adder bites you but does no damage.
You hit the adder but do no damage. You tail-slap the adder.
The adder is lightly wounded.
The adder completely misses you. The adder barely misses you.
You barely miss the adder.
The adder is lightly wounded.
The adder bites you but does no damage.
You slash the adder!
The adder is severely wounded.
The adder bites you but does no damage. The adder bites you.
* * * LOW HITPOINT WARNING * * *
You are poisoned.
The adder poisons you!
You closely miss the adder.
Your tail-slap misses the adder.
The adder is severely wounded.
You feel sick. The adder bites you but does no damage.
You block the adder's attack.
Unknown command.
You hit the adder but do no damage.
The adder is severely wounded.
You feel sick. The adder bites you but does no damage.
You closely miss the adder.
The adder is severely wounded.
You feel sick.
You are no longer poisoned.
The adder bites you.
* * * LOW HITPOINT WARNING * * *
The adder bites you.
You die...

#.............#
#.##..........#
#.##..........#
#.##.........##
#.######.#####
#.######.#
#.#......#
#S#.######
#@#.# #...#
#####


You could see an adder.

Vanquished Creatures
  3 ball pythons (D:1)
  2 giant cockroaches (D:1)
  2 goblins (D:1)
  2 hobgoblins (D:1)
  4 kobolds (D:1)
  3 bats (D:1)
  3 frilled lizards (D:1)
  3 rats (D:1)
22 creatures vanquished.

Vanquished Creatures (others)
  2 fungi (D:1)
  A plant (D:1)
3 creatures vanquished.

Grand Total: 25 creatures vanquished

Notes
Turn   | Place    | Note
-------+----------+-------------------------------------------
     0 | D:1      | SolCadguy the Palentonga Fighter began the quest for the
                  | Orb.
     0 | D:1      | Reached XP level 1. HP: 19/19 MP: 1/1
   185 | D:1      | Found a faded altar of an unknown god.
   358 | D:1      | Found Hoput's Assorted Antiques.
   404 | D:1      | Reached XP level 2. HP: 24/25 MP: 2/2
  1118 | D:2      | HP: 1/25 [adder (3)]
  1118 | D:2      | Slain by an adder

Illustrated notes

Levels and vault maps discovered:
D:1:      minmay_arrival_widening_spiral_wide, layout_basic, serial_shops,
          nicolae_shop_statue_plus, dreamdust_ecumenical_altar_grove
D:2:      layout_basic, uniq_terence

Skill      XL: |  1  2 |
---------------+-------+-----
Axes           | 3 |  3.3
Fighting       | |  3.0
Armour         | |  2.4
Shields        | |  2.4

Action                   || total
-------------------------++-------
Melee: War axe           ||    70
       Tailslap          ||     5
 Abil: Rolling Charge    ||    13
Armor: Scale mail        ||    29
Dodge: Dodged            ||    17
Block: Buckler           ||     8

Table legend: (Time is in decaauts)
 A = Elapsed time spent in this place.
 B = Non-inter-level travel time spent in this place.
 C = Inter-level travel time spent in this place.
 D = Time resting spent in this place.
 E = Time spent auto-exploring this place.
 F = Levels seen in this place.
 G = Mean time per level.
                   A        B        C        D        E       F      G
               +--------+--------+--------+--------+--------+-----+--------+
         Total |   1142 |   1123 |     19 |     56 |    904 |   2 |  571.0 |
       Dungeon |   1142 |   1123 |     19 |     56 |    904 |   2 |  571.0 |
               +--------+--------+--------+--------+--------+-----+--------+

Top non-repeatable levels by time:
     D:1: 1096 daAuts
     D:2: 46 daAuts
